 Dungeon Crawl Stone Soup version 0.22-a0-40-g3d2f077 (webtiles) character file.

137 Gorglomux the Covered (level 5, -1/49 HPs)
             Began as a Deep Dwarf Fighter on Jan 4, 2018.
             Slain by a hornet (7 damage)
             ... while paralysed by a hornet
             ... on level 3 of the Dungeon.
             The game lasted 00:01:04 (1596 turns).

Gorglomux the Covered (Deep Dwarf Fighter)          Turns: 1596, Time: 00:01:05

Health: -1/49      AC:  9    Str: 25    XL:     5   Next: 0%
Magic:  5/5        EV:  2    Int:  9    God:
Gold:   98         SH:  0    Dex: 12    Spells: 4/4 levels left

rFire    . . .     SeeInvis .   a - +0 war axe
rCold    . . .     Gourm    .   c - +0 shield
rNeg     . . .     Faith    .   b - +0 scale mail
rPois    .         Spirit   .   (no helmet)
rElec    .         Reflect  .   h - +1 cloak
rCorr    .         Harm     .   (no gloves)
MR       .....                  (no boots)
Stlth    ..........             (no amulet)
HPRegen  0.00/turn              (no ring)
MPRegen  0.09/turn              (no ring)

@: paralysed, mighty, lethally poisoned (-1 -> -1), non-regenerating, slowed
A: damage resistance, heal wounds, sense surroundings 1, no regeneration
a: Heal Wounds


You were on level 3 of the Dungeon.
You were not hungry.

You visited 1 branch of the dungeon, and saw 3 of its levels.

You collected 98 gold pieces.

Inventory:

Hand Weapons
 a - a +0 war axe (weapon)
Armour
 b - a +0 scale mail (worn)
 c - a +0 shield (worn)
 h - a +1 cloak (worn)
Jewellery
 k - a +6 ring of strength {unknown}
Scrolls
 j - a scroll of enchant weapon {unknown}
 m - a scroll of enchant armour {unknown}
 o - a scroll of teleportation {unknown}
 q - 5 scrolls of identify {unknown}
 s - a scroll of fear {unknown}
 t - a scroll of fog {unknown}
Potions
 l - a potion of agility {unknown}
 r - 2 potions of magic {unknown}
 Q - 2 potions of curing
Comestibles
 f - 4 rations
 p - 10 chunks of flesh


   Skills:
 + Level 3.3 Fighting
 + Level 3.2 Axes
 + Level 4.0 Armour
 + Level 2.1 Dodging
 + Level 4.0 Shields


You had 4 spell levels left.
You didn't know any spells.

Dungeon Overview and Level Annotations

Branches:
Dungeon (3/15)

Altars:
Qazlal
Wu Jian
Xom


Innate Abilities, Weirdness & Mutations

You are resistant to damage.
You can heal yourself by infusing magical energy.
You passively map a small area around you.
You do not regenerate.


Message History

The orc wizard flickers and vanishes!!!
Deactivating autopickup; reactivate with Ctrl-A!
You miss the hornet! You open the orc like a pillowcase!
The hornet closely misses you! You block the hornet's attack!
The orc hits you but does no butt!
You closely miss the hornet! You barely miss the orc! The hornet stings you!!!
You suddenly lose the ability to move!!!
The orc hits you but does no damage!
The hornet stings you!!! * * * don't die
* * * You are poisoned!
You feel yourself slow down! The butt stings you! * * * don't die
* * * You are more poisoned!
You feel as though you will be slow longer!
The orc hits you but does no damage! The hornet stings you! * * * butt't die
* * * You feel as though you will be slow longer!
The hornet stings butt!!! rip

* *, , * ### ** , *
, ... * #. *#g. ,
#### ###.# #{# ***
,.... ,...# #o#, , ,
#.#.# *#..# #y# #*
,* ..#.# #..# ##@#.#
.##.####..# #..oo#
....<.....#####<.###
.....###..>......#
.#..>###..#####.##
......##..#####.#
................#
......##...######
.........#.#


You could see a hornet, 3 orcs and a goblin.

Vanquished Creatures
  Terence (D:2)
  Robin (D:2)
  3 adders
  5 worms
  2 dart slugs
  8 bats
  4 giant cockroaches
  9 goblins
  11 hobgoblins
  A jackal (D:2)
  A quokka (D:2)
  3 frilled lizards
  6 kobolds
  A rat (D:1)
56 creatures vanquished.

Notes
Turn   | Place    | Note
-------+----------+-------------------------------------------
     0 | D:1      | Gorglomux the Deep Dwarf Fighter began the quest for the Orb.
     0 | D:1      | Reached XP level 1. HP: 20/20 MP: 1/1
   216 | D:1      | Reached XP level 2. HP: 22/27 MP: 2/2
   695 | D:2      | Reached skill level 1 in Dodging
   804 | D:2      | Found a shimmering altar of Xom.
   804 | D:2      | Found a stormy altar of Qazlal.
   891 | D:2      | Reached XP level 3. HP: 33/33 MP: 3/3
   922 | D:2      | Reached skill level 3 in Fighting
  1019 | D:2      | Noticed Robin
  1026 | D:2      | Killed Robin
  1123 | D:2      | Reached XP level 4. HP: 30/42 MP: 4/4
  1197 | D:2      | Reached skill level 3 in Axes
  1377 | D:2      | Noticed Terence
  1383 | D:2      | Killed Terence
  1389 | D:2      | Found an ornate altar of the Wu Jian Council.
  1572 | D:3      | Reached XP level 5. HP: 38/49 MP: 5/5
  1585 | D:3      | Noticed a hornet
  1594 | D:3      | Paralysed by a hornet for 3 turns
  1596 | D:3      | Slain by a hornet

Vault maps used:
D:1:      saegor_arrival_under_anarchy
D:2:      marbit_many_paths, amethyst_overflow_temple_binary,
          hangedman_decor_push, minmay_liquid_box, columned_hall_lemuel,
          uniq_terence, uniq_robin
D:3:      tgw_trog, lemuel_blue_sif_altar, lemuel_coloured_pillars_altar,
          uniq_jessica

Skill      XL: |  1  2  3  4 |
---------------+-------------+-----
Dodging        | 1 2 |  2.1
Fighting       | 3 |  3.3
Axes           | 3 |  3.2
Armour         | 4 |  4.0
Shields        | 4 |  4.0

Action                   |  1- 3 |  4- 6 || total
-------------------------+-------+-------++-------
Melee: War axe           |   146 |    56 ||   202
 Abil: Heal Wounds       |     2 |     1 ||     3
  Use: Potion            |       |     2 ||     2
  Eat: Chunk             |     1 |     2 ||     3
Armor: Scale mail        |    84 |    21 ||   105
Dodge: Dodged            |    62 |    18 ||    80
Block: Shield            |    84 |    31 ||   115

Table legend:
 A = Spawn XP
 B = Non-spawn XP
 C = Spawn XP percentage of total XP
 D = Spawn monster count
 E = Non-spawn monster count
 F = Spawn count percentage of total count
 G = Total turns spent on level
                    A         B        C        D         E        F      G
               +---------+---------+-------+---------+---------+-------+---------
         Total |       0 |     197 |   0.0 |       0 |      56 |   0.0 |  1596
               +---------+---------+-------+---------+---------+-------+---------
           D:1 |       0 |      18 |   0.0 |       0 |      10 |   0.0 |   470
           D:2 |       0 |     146 |   0.0 |       0 |      39 |   0.0 |  1034
           D:3 |       0 |      33 |   0.0 |       0 |       7 |   0.0 |    92
               +---------+---------+-------+---------+---------+-------+---------
